 Dungeon Crawl Stone Soup version 0.30-a0-591-g3c58d2bc28 (webtiles) character file.

Game seed: 11016162740099094796

1949 Newt the Trooper (level 8, 0/57 HPs)
             Began as a Demonspawn Gladiator on Jan 4, 2023.
             Was a Believer of Hepliaklqana.
             Slain by a gnoll
             ... wielding a +0 spear
             ... led by a gnoll sergeant
              (3 damage)
             ... on level 6 of the Dungeon.
             The game lasted 00:07:19 (6773 turns).

Newt the Trooper (Demonspawn Gladiator)             Turns: 6773, Time: 00:07:20

Health: 0/57       AC:  3    Str: 17      XL:     8   Next: 99%
Magic:  10/10      EV: 13    Int: 10      God:    Hepliaklqana [**....]
Gold:   354        SH:  0    Dex: 13 (14) Spells: 7/7 levels left

rFire   + . .      SeeInvis .    z - +5 rapier of Absolution {drain, +Blink rN+}
rCold   + . .      Faith    .    (no shield)
rNeg    + . .      Spirit   .    A - +0 leather armour {rC+}
rPois   .          Reflect  .    (no helmet)
rElec   .          Harm     .    (no cloak)
rCorr   .          Rampage  .    (no gloves)
Will    .....                    (no boots)
Stlth   ++                       (no amulet)
HPRegen 0.29/turn                q - ring of flight
MPRegen 0.12/turn                p - ring of protection from fire

@: flying, unable to read
A: reduced essence, ignite blood 1, powered by pain 2, weakness stinger 1,
deterioration 1, inability to read after injury 2
a: Renounce Religion, Evoke Blink, Recall Ancestor, Ancestor Identity


You were on level 6 of the Dungeon.
You worshipped Hepliaklqana.
Hepliaklqana was pleased with you.
You visited 2 branches of the dungeon, and saw 7 of its levels.
You also visited: Ossuary.

You collected 354 gold pieces.

Inventory:

Hand Weapons
 a - a +0 rapier
 i - a +0 short sword of venom
 z - the +5 rapier of Absolution (weapon) {drain, +Blink rN+}
   (You found it on level 5 of the Dungeon)

   rN:        It protects you from negative energy.
   +Blink:    It lets you blink.
Missiles
 d - 2 throwing nets (quivered)
 e - 3 javelins
 g - 9 poisoned darts
 h - 6 silver javelins
Armour
 b - a +0 leather armour
 c - a +1 helmet
 A - a +0 leather armour of cold resistance (worn)
Jewellery
 m - a ring of fire
 p - a ring of protection from fire (right hand)
 q - a ring of flight (left hand)
Wands
 y - a wand of polymorph (10)
 B - a wand of flame (12)
 C - a wand of paralysis (15)
Scrolls
 f - 3 scrolls of teleportation
 k - a scroll of magic mapping
 n - 2 scrolls of vulnerability
 r - 5 scrolls of fear
 s - 5 scrolls of identify
 u - 3 scrolls of silence
 v - 2 scrolls of immolation
Potions
 j - 4 potions of lignification
 l - 4 potions of might
 o - a potion of haste
 t - a potion of degeneration {unknown}
 w - 2 potions of brilliance
 x - 2 potions of attraction


   Skills:
 - Level 6.0 Fighting
 - Level 4.0 Short Blades
 + Level 5.8 Throwing
 - Level 4.0 Armour
 - Level 4.0 Dodging
 - Level 4.0 Stealth
 - Level 3.0 Invocations


You had 7 spell levels left.
You didn't know any spells.
Your spell library contained the following spells:

 Spells                   Type           Power      Damage    Failure   Level
 Necrotise                Necr           0%         1d4       41%         1
 Blink                    Tloc           0%         N/A       56%         2
 Ensorcelled Hibernation  Hex/Ice        0%         N/A       56%         2
 Momentum Strike          Conj/Tloc      0%         3d8       56%         2
 Gell's Gravitas          Tloc           0%         N/A       80%         3
 Lesser Beckoning         Tloc           0%         N/A       80%         3
 Spider Form              Tmut/Pois      0%         N/A       80%         3
 Summon Guardian Golem    Hex/Summ       0%         N/A       80%         3
 Teleport Other           Tloc           0%         N/A       80%         3
 Vampiric Draining        Necr           0%         2d6       80%         3
 Anguish                  Hex/Necr       0%         N/A       99%         4
 Agony                    Necr           0%         N/A       100%        5
 Orb of Destruction       Conj           0%         9d5       100%        7
 Spellforged Servitor     Conj/Summ      0%         N/A       100%        7


Dungeon Overview and Level Annotations

Branches:
Dungeon (6/15)             Temple (1/1) D:4         Ossuary (visited)

Altars:
Ashenzari
Cheibriados
Dithmenos
Fedhas
Gozag
Hepliaklqana
Kikubaaqudgha
Makhleb
Nemelex Xobeh
Okawaru
Qazlal
Ru
Sif Muna
Trog
Vehumet
Wu Jian
Xom
Yredelemnul


Innate Abilities, Weirdness & Mutations

Your life essence is reduced to manifest your ancestor. (-10% HP)
Your demonic aura sometimes causes spilled blood to erupt in flames.
You sometimes gain power by taking damage.
You have a small tail.
Your body sometimes deteriorates upon taking damage.
You sometimes lose the ability to read scrolls when taking damage.


Message History

2 gnolls come into view.
The gnoll shouts!
You hear a shout! x2
A gnoll comes into view. It is wielding a +0 whip.
The gnoll shouts!
A gnoll sergeant comes into view. It is wielding a +0 spear.
A gnoll comes into view. It is wielding a +0 spear.
Found a scroll of teleportation.
The gnoll sergeant shouts!
A gnoll comes into view. It is wielding a +4 halberd.
The gnoll closely misses you.
You hit the gnoll. You drain the gnoll.
Your tail-slap misses the gnoll.
The gnoll is moderately wounded.
Khabaw hits the gnoll with a +0 flail.
The gnoll hits you with a +0 whip. The gnoll completely misses you.
You hit the gnoll.
You kill the gnoll!
The gnoll sergeant hits you from afar with a +0 spear!
Your body deteriorates!
You feel clumsy. The gnoll misses you. The gnoll closely misses you.
The gnoll sergeant barely misses you. The gnoll hits you with a +0 whip.
You feel threatened and lose the ability to read scrolls!
The gnoll hits you from afar with a +0 spear.
The gnoll closely misses you.
You hit the gnoll.
The gnoll is moderately wounded.
Khabaw hits the gnoll with a +0 flail!
The gnoll barely misses you.
The gnoll sergeant hits you with a +0 spear!
The gnoll completely misses you. The gnoll hits you but does no damage.
The gnoll closely misses you.
You hit the gnoll sergeant.
The gnoll sergeant is moderately wounded.
Khabaw completely misses the gnoll.
The gnoll hits you from afar with a +4 halberd.
The gnoll sergeant hits you with a +0 spear!
* * * LOW HITPOINT WARNING * * *
The gnoll hits you with a +0 whip!
* * * LOW HITPOINT WARNING * * *
The gnoll hits you from afar with a +0 spear.
You die...

.............#####
.................#
...........#####.###
...........#..P#...#
...†.......#.~.#.#.#####
).....(.[..#P~~#........
#####...##.#####........
#...##.....g........
#...###....R@g......
#...# #....).gg..?..
#..(# #......g......
#...# #.............
#...# #....[........
#...# #.............
#########+#.## ..


You could see the friendly Khabaw the knight, a gnoll sergeant and 4 gnolls.

Vanquished Creatures
  Eustachio (D:5)
  2 water moccasins
  An ogre (D:4)
  A centaur (D:6)
  A phantom (D:4)
  2 elf zombies (Ossuary)
  2 bullfrogs (D:6)
  3 scorpions
  The ghost of sirJeffrey23 the Conjurer, a weakling DECj (D:3)
  7 hounds
  Terence (D:2)
  4 iguanas
  3 orc wizards
  Natasha (thrice) (D:2)
  3 mummies (Ossuary)
  A gnoll (D:6)
  9 adders
  A shadow imp (D:5)
  A white imp (D:3)
  2 adder zombies (Ossuary)
  A worm (D:4)
  6 orcs
  3 endoplasms
  2 giant cockroaches
  6 goblins
  5 hobgoblins
  8 jackals
  5 quokkas
  7 ball pythons
  6 bats
  A frilled lizard (D:1)
  7 kobolds
  22 rats
128 creatures vanquished.

Vanquished Creatures (collateral kills)
  A phantom (D:5)
  A hound (D:5)
  A human zombie (Ossuary)
  An orc wizard (D:5)
  A mummy (Ossuary)
  An ufetubus (D:5)
  An adder zombie (Ossuary)
  A goblin zombie (Ossuary)
  2 hobgoblin zombies (Ossuary)
  A jackal zombie (Ossuary)
  A kobold zombie (Ossuary)
  A rat zombie (Ossuary)
13 creatures vanquished.

Vanquished Creatures (others)
  4 fungi (D:6)
4 creatures vanquished.

Grand Total: 145 creatures vanquished

Notes
Turn   | Place    | Note
-------+----------+-------------------------------------------
     0 | D:1      | Newt the Demonspawn Gladiator began the quest for the Orb.
     0 | D:1      | Reached XP level 1. HP: 16/16 MP: 1/1
    73 | D:1      | Reached skill level 1 in Stealth
   184 | D:1      | Gained mutation: You have a small tail. [demonic ancestry]
   184 | D:1      | Reached XP level 2. HP: 22/22 MP: 2/2
   552 | D:1      | Reached XP level 3. HP: 28/28 MP: 3/3
  1007 | D:2      | Noticed Natasha
  1015 | D:2      | Killed Natasha
  1016 | D:2      | Reached skill level 3 in Fighting
  1026 | D:2      | Noticed Natasha
  1036 | D:2      | Killed Natasha
  1037 | D:2      | Gained mutation: You sometimes gain a little power by
                  | taking damage. [demonic ancestry]
  1037 | D:2      | Reached XP level 4. HP: 17/37 MP: 4/4
  1197 | D:2      | Noticed Natasha
  1208 | D:2      | Killed Natasha
  1209 | D:2      | Reached skill level 4 in Fighting
  1306 | D:2      | Noticed Terence
  1319 | D:2      | Killed Terence
  1320 | D:2      | Gained mutation: You sometimes gain power by taking damage.
                  | [demonic ancestry]
  1320 | D:2      | Reached XP level 5. HP: 14/42 MP: 5/5
  2089 | D:3      | Found a transporter.
  2105 | D:3      | Noticed sirJeffrey23's ghost (weakling DECj)
  2342 | D:3      | Found a transporter.
  2460 | D:3      | Killed sirJeffrey23's ghost
  2758 | D:4      | Found a staircase to the Ecumenical Temple.
  2760 | D:4      | Noticed a water moccasin
  2785 | D:4      | Reached XP level 6. HP: 27/48 MP: 6/6
  2792 | D:4      | Killed a water moccasin
  2814 | D:4      | HP: 2/48 [something (2)]
  3171 | Temple   | Entered the Ecumenical Temple
  3442 | Temple   | Became a worshipper of Hepliaklqana the Forgotten
  3797 | D:4      | Gained mutation: Your demonic aura sometimes causes spilled
                  | blood to erupt in flames. [demonic ancestry]
  3797 | D:4      | Reached XP level 7. HP: 45/54 MP: 7/7
  3881 | D:4      | Reached skill level 1 in Armour
  4351 | D:4      | Reached * piety under Hepliaklqana
  4398 | D:5      | Entered Level 5 of the Dungeon
  4429 | D:5      | Found a sand-covered staircase.
  4434 | Ossuary  | Entered an ossuary
  4508 | Ossuary  | HP: 2/48 [elf zombie (7)]
  5062 | Ossuary  | Reached skill level 1 in Invocations
  5177 | D:5      | Reached XP level 8. HP: 51/54 MP: 9/9
  5181 | D:5      | Gained mutation: You have a pair of small horns on your
                  | head. [potion of mutation]
  5181 | D:5      | Gained mutation: Potions are less effective at restoring
                  | your health. [potion of mutation]
  5181 | D:5      | Gained mutation: You are somewhat resistant to further
                  | mutation. [potion of mutation]
  5182 | D:5      | Lost mutation: Potions are less effective at restoring your
                  | health. [potion of mutation]
  5182 | D:5      | Lost mutation: You have a pair of small horns on your head.
                  | [potion of mutation]
  5183 | D:5      | Lost mutation: You are somewhat resistant to further
                  | mutation. [potion of mutation]
  5183 | D:5      | Gained mutation: Your body sometimes deteriorates upon
                  | taking damage. [potion of mutation]
  5183 | D:5      | Gained mutation: You occasionally lose the ability to read
                  | scrolls when taking damage. [potion of mutation]
  5183 | D:5      | Gained mutation: Your magical capacity is low. (-10% MP)
                  | [potion of mutation]
  5183 | D:5      | Gained mutation: You are robust. (+10% HP) [potion of
                  | mutation]
  5184 | D:5      | Lost mutation: Your magical capacity is low. (-10% MP)
                  | [potion of mutation]
  5184 | D:5      | Lost mutation: You are robust. (+10% HP) [potion of
                  | mutation]
  5184 | D:5      | Gained mutation: You sometimes lose the ability to read
                  | scrolls when taking damage. [potion of mutation]
  5434 | D:5      | Noticed Eustachio
  5439 | D:5      | Reached skill level 5 in Fighting
  5457 | D:5      | Killed Eustachio
  5958 | D:5      | Reached skill level 6 in Fighting
  6155 | D:5      | Reached ** piety under Hepliaklqana
  6161 | D:5      | Remembered your ancestor Khabaw as a knight
  6211 | D:5      | Identified the +5 rapier of Absolution {drain, +Blink rN+}
  6531 | D:6      | Reached skill level 5 in Throwing
  6773 | D:6      | Slain by a gnoll

Illustrated notes

Levels and vault maps discovered:
D:1:      minmay_arrival_jagged, layout_basic, dreamdust_princess_bridge
D:2:      layout_basic, uniq_natasha, uniq_terence
D:3:      layout_loops_ring, gammafunk_ghost_arena
D:4:      minmay_spotlight, layout_gridville, temple_fountains, minmay_rat_hole
D:5:      layout_basic, enter_ossuary_5, uniq_eustachio
D:6:      layout_basic, serial_aquarium, aquarium_bridge_long_joined
          [aquarium_subvault_bridge, aquarium_subvault_bridge,
          aquarium_subvault_bridge, aquarium_subvault_bridge,
          aquarium_subvault_window, aquarium_subvault_bridge],
          aquarium_window_2, aquarium_window_fake, aquarium_view_2c,
          aquarium_balcony_5b, aquarium_pool_1, chequers_serial_rivers_small_b,
          minmay_hedge_maze
Temple:   regret_index_temple_sigil_plot

Skill      XL: |  1  2  3  4  5  6  7  8 |
---------------+-------------------------+-----
Stealth        | 1 2 3 4 |  4.0
Fighting       | 3 4 6 |  6.0
Dodging        | 3 4 |  4.0
Short Blades   | 3 4 |  4.0
Throwing       | 3 5 |  5.8
Armour         | 4 |  4.0
Invocations    | 2 3 |  3.0

Action                   |  1- 3 |  4- 6 |  7- 9 || total
-------------------------+-------+-------+-------++-------
Melee: Rapier            |    58 |       |    19 ||    77
       Short sword       |    54 |   137 |   291 ||   482
       Tailslap          |     6 |    15 |    33 ||    54
       Punch             |       |       |     3 ||     3
Throw: Throwing net      |       |     1 |     2 ||     3
Invok: Ancestor Life: Kn |       |       |     1 ||     1
  Use: Scroll            |     3 |     3 |     6 ||    12
       Potion            |       |     6 |     5 ||    11
 Stab: Sleeping          |     4 |     1 |    13 ||    18
       Distracted        |       |       |     2 ||     2
Armor: Leather armour    |    54 |    31 |    73 ||   158
       Skin              |       |    38 |   110 ||   148
Dodge: Dodged            |   104 |    58 |   199 ||   361

Table legend: (Time is in decaauts)
 A = Elapsed time spent in this place.
 B = Non-inter-level travel time spent in this place.
 C = Inter-level travel time spent in this place.
 D = Time resting spent in this place.
 E = Time spent auto-exploring this place.
 F = Levels seen in this place.
 G = Mean time per level.
                   A        B        C        D        E       F      G
               +--------+--------+--------+--------+--------+-----+--------+
         Total |   6670 |   6375 |    295 |   1438 |   3898 |   8 |  833.8 |
       Dungeon |   5704 |   5459 |    245 |   1081 |   3489 |   6 |  950.7 |
        Temple |    290 |    241 |     49 |      0 |    222 |   1 |  290.0 |
       Ossuary |    675 |    675 |      0 |    357 |    187 |   1 |  675.0 |
               +--------+--------+--------+--------+--------+-----+--------+

Top non-repeatable levels by time:
     D:5: 1413 daAuts
     D:4: 1351 daAuts
     D:3: 942 daAuts
     D:1: 915 daAuts
     D:2: 834 daAuts
 Ossuary: 675 daAuts
  Temple: 290 daAuts
     D:6: 246 daAuts
